 Dungeon Crawl Stone Soup version 0.21-a0-414-gba8bdf1 (webtiles) character file.

46 Dysjunc the Chopper (level 3, -6/31 HPs)
             Began as a Gnoll Wanderer on Nov 2, 2017.
             Mangled by a worm (10 damage)
             ... on level 2 of the Dungeon.
             The game lasted 00:05:10 (1777 turns).

Dysjunc the Chopper (Gnoll Wanderer)                Turns: 1777, Time: 00:05:10

Health: -6/31      AC:  2    Str: 14    XL:     3   Next: 68%
Magic:  4/4        EV: 12    Int: 15    God:
Gold:   83         SH:  0    Dex: 14    Spells: 3/3 levels left

rFire    . . .     SeeInvis .   e - +0 dagger
rCold    . . .     Gourm    .   (no shield)
rNeg     . . .     Faith    .   d - +0 robe
rPois    .         Spirit   .   (no helmet)
rElec    .         Reflect  .   (no cloak)
rCorr    .         Harm     .   (no gloves)
MR       .....                  (no boots)
Stlth    +++.......             (no amulet)
HPRegen  0.10/turn              (no ring)
MPRegen  0.09/turn              (no ring)

@: no status effects
A: distributed training, fangs 1, strong nose
a: no special abilities


You were on level 2 of the Dungeon.
You were hungry.

You visited 1 branch of the dungeon, and saw 2 of its levels.

You collected 83 gold pieces.

Inventory:

Hand Weapons
 a - a +2 hand axe
 b - a -1 dagger
 e - a +0 dagger (weapon)
Missiles
 m - 68 stones (quivered)
Armour
 d - a +0 robe (worn)
 l - a +0 plate armour
Scrolls
 j - a scroll of recharging
Comestibles
 f - a bread ration
 i - 6 fruits


   Skills:
 + Level 4.5 Fighting
 + Level 0.9 Short Blades
 + Level 0.9 Long Blades
 + Level 6.5 Axes
 + Level 0.9 Maces & Flails
 + Level 0.9 Polearms
 + Level 0.9 Staves
 + Level 0.9 Slings
 + Level 0.9 Bows
 + Level 2.6 Crossbows
 + Level 0.9 Throwing
 + Level 4.5 Armour
 + Level 0.9 Dodging
 + Level 4.2 Stealth
 + Level 0.9 Shields
 + Level 0.9 Unarmed Combat
 + Level 0.9 Spellcasting
 + Level 0.6 Conjurations
 + Level 0.6 Hexes
 + Level 0.6 Charms
 + Level 0.6 Summonings
 + Level 0.6 Necromancy
 + Level 0.6 Translocations
 + Level 0.6 Transmutations
 + Level 0.6 Fire Magic
 + Level 0.6 Ice Magic
 + Level 0.6 Air Magic
 + Level 0.6 Earth Magic
 + Level 0.6 Poison Magic
 + Level 1.0 Invocations
 + Level 0.9 Evocations


You had 3 spell levels left.
You didn't know any spells.

Dungeon Overview and Level Annotations

Branches:
Dungeon (2/15)

Altars:


Innate Abilities, Weirdness & Mutations

Your experience applies equally to all skills.
You have very sharp teeth.
Your uncanny sense of smell can sniff out nearby items.


Message History

You hit the worm.
The worm is almost dead.
The worm closely misses you.
You hit the worm but do no damage. You bite the worm, but do no damage.
The worm is almost dead.
The worm completely misses you.
You hit the worm.
The worm is almost dead.
You hit the worm but do no damage.
The worm is almost dead.
The worm closely misses you.
You hit the worm but do no damage.
The worm is almost dead.
You hit the worm.
The worm is almost dead.
The worm closely misses you.
You hit the worm.
The worm is almost dead.
The worm bites you!
You die...

##.##.#.###.# ∆
.......#....# ###
#######.##### ...
#.###########?##
#####
#..............##.
....#
##########.......l
###.# #.##..##.
#.# #.# .# #.# #@#
#.# #.w.[(.# #.#
#..###.... #.#
#..# ## ###.#####
#..# ........#
#..# .###.##.#
#..# .# #.##.#
...# .# #.##.#


You could see a worm.

Vanquished Creatures
  2 adders (D:2)
  2 dart slugs (D:1)
  A ball python (D:1)
  A giant cockroach (D:1)
  4 goblins
  5 hobgoblins
  A bat (D:1)
  3 frilled lizards (D:1)
  2 kobolds (D:1)
  5 rats
26 creatures vanquished.

Notes
Turn   | Place    | Note
-------+----------+-------------------------------------------
     0 | D:1      | Dysjunc the Gnoll Wanderer began the quest for the Orb.
     0 | D:1      | Dysjunc set off with: a +2 hand axe, a potion of lignification, a potion of curing, a +0 robe, a +0 dagger, a bread ration
     0 | D:1      | Reached XP level 1. HP: 20/20 MP: 1/1
   210 | D:1      | Reached XP level 2. HP: 24/26 MP: 2/2
   846 | D:1      | Reached XP level 3. HP: 30/31 MP: 3/3
  1401 | D:2      | Reached skill level 1 in Invocations
  1777 | D:2      | Mangled by a worm

Vault maps used:
D:1:      nzn_arrival_water_spiral, st_stairs_12
D:2:      minmay_liquid_box, uniq_natasha

Skill      XL: |  1  2  3 |
---------------+----------+-----
Invocations    | 1 |  1.0
Fighting       | |  4.5
Short Blades   | |  0.9
Long Blades    | |  0.9
Axes           | |  6.5
Maces & Flails | |  0.9
Polearms       | |  0.9
Staves         | |  0.9
Slings         | |  0.9
Bows           | |  0.9
Crossbows      | |  2.6
Throwing       | |  0.9
Armour         | |  4.5
Dodging        | |  0.9
Stealth        | |  4.2
Shields        | |  0.9
Unarmed Combat | |  0.9
Spellcasting   | |  0.9
Conjurations   | |  0.6
Hexes          | |  0.6
Charms         | |  0.6
Summonings     | |  0.6
Necromancy     | |  0.6
Translocations | |  0.6
Transmutations | |  0.6
Fire Magic     | |  0.6
Ice Magic      | |  0.6
Air Magic      | |  0.6
Earth Magic    | |  0.6
Poison Magic   | |  0.6
Evocations     | |  0.9

Action                   || total
-------------------------++-------
Melee: Dagger            ||   161
       Bite              ||    20
  Use: Scroll            ||     3
       Potion            ||     2
 Stab: Sleeping          ||     3
  Eat: Chunk             ||     2
Armor: Robe              ||    18
       Skin              ||     3
Dodge: Dodged            ||    76

Table legend:
 A = Spawn XP
 B = Non-spawn XP
 C = Spawn XP percentage of total XP
 D = Spawn monster count
 E = Non-spawn monster count
 F = Spawn count percentage of total count
 G = Total turns spent on level
                    A         B        C        D         E        F      G
               +---------+---------+-------+---------+---------+-------+---------
         Total |       0 |      67 |   0.0 |       0 |      26 |   0.0 |  1777
               +---------+---------+-------+---------+---------+-------+---------
           D:1 |       0 |      34 |   0.0 |       0 |      20 |   0.0 |   960
           D:2 |       0 |      33 |   0.0 |       0 |       6 |   0.0 |   817
               +---------+---------+-------+---------+---------+-------+---------
